TOP OF THE 1ST |
Florida State Seminoles batting - Pitching for Ohio State Buckeyes : LHP Gabriel Rodríguez
|
Pitching: LHP Gabriel Rodríguez
|
|
Batting: RHB Art Cameron
|
0-0: Ball 1-0: Ball 2-0: Called Strike 2-1: Ball 3-1: Foul Ball, location: 2F 3-2: Strikes out swinging
|
Batting: SHB Chris Morse
|
0-0: Fly out, F8 (Flyball, 78M)
|
Batting: LHB Max Hebert
|
0-0: Ball 1-0: Ball 2-0: Ball 3-0: Called Strike 3-1: Called Strike 3-2: Foul Ball, location: 2F 3-2: Base on Balls
|
Batting: RHB Rusty Bennett
|
0-0: Ball 1-0: Foul Ball, location: 2F 1-1: Ball 2-1: Called Strike 2-2: 2-RUN HOME RUN (Line Drive, 7D), Distance : 375 ft
|
Batting: LHB Richard Olvera
|
0-0: Foul Ball, location: 2F 0-1: SINGLE (Groundball, 34) (infield hit)
|
Batting: RHB Pedro López
|
0-0: Ball 1-0: Ball 2-0: Ball 3-0: Called Strike 3-1: Swinging Strike 3-2: Fly out, F9 (Flyball, 9S)
|
Top of the 1st over - 2 run(s), 2 hit(s), 0 error(s), 1 left on base; Florida State 2 - Ohio State 0 |
BOTTOM OF THE 1ST |
Ohio State Buckeyes batting - Pitching for Florida State Seminoles : RHP Mike Moyer
|
Pitching: RHP Mike Moyer
|
|
Batting: SHB Thomas Simmons
|
0-0: Ball 1-0: Ground out 6-3 (Groundball, 6)
|
Batting: RHB Gabriel Soto
|
0-0: Foul Ball, location: 2F 0-1: Swinging Strike 0-2: Fly out, F7 (Flyball, 78XD)
|
Batting: RHB Júlio Morales
|
0-0: Ball 1-0: Foul Ball, location: 2F 1-1: Called Strike 1-2: Ball 2-2: Foul Ball, location: 2F 2-2: Ground out 6-3 (Groundball, 6M)
|
Bottom of the 1st over - 0 run(s), 0 hit(s), 0 error(s), 0 left on base; Florida State 2 - Ohio State 0 |
TOP OF THE 2ND |
Florida State Seminoles batting - Pitching for Ohio State Buckeyes : LHP Gabriel Rodríguez
|
Batting: RHB Mike Cleveland
|
0-0: Ball 1-0: Called Strike 1-1: Ball 2-1: DOUBLE (Line Drive, 8RS)
|
Batting: RHB Larry Davis
|
0-0: Swinging Strike 0-1: Ball 1-1: Ball 2-1: Fly out, F4 (Popup, 34)
|
Batting: SHB Gary Williams
|
0-0: Ball 1-0: Ball 2-0: Ball 3-0: Called Strike 3-1: Foul Ball, location: 2F 3-2: Base on Balls
|
Batting: RHB Art Cameron
|
0-0: Ball 1-0: Fly out, F3 (Line Drive, 3) 1-0: Lined into DP, U3 (Line Drive, 3)
|
Top of the 2nd over - 0 run(s), 1 hit(s), 0 error(s), 1 left on base; Florida State 2 - Ohio State 0 |
BOTTOM OF THE 2ND |
Ohio State Buckeyes batting - Pitching for Florida State Seminoles : RHP Mike Moyer
|
Batting: LHB Frank García
|
0-0: Called Strike 0-1: Ball 1-1: Ball 2-1: Called Strike 2-2: Foul Ball, location: 2F 2-2: Ball 3-2: Strikes out looking
|
Batting: SHB Devin Smith
|
0-0: Called Strike 0-1: Ball 1-1: Called Strike 1-2: SINGLE (Groundball, 34)
|
Batting: LHB Joel Nelson
|
0-0: Ball 1-0: Ball Devin Smith steals 2nd base 2-0: Ground out 2-3 (Groundball, 2L) Devin Smith to third
|
Batting: RHB Santiago Gutiérrez
|
0-0: Fly out, F8 (Flyball, 8RM)
|
Bottom of the 2nd over - 0 run(s), 1 hit(s), 0 error(s), 1 left on base; Florida State 2 - Ohio State 0 |
TOP OF THE 3RD |
Florida State Seminoles batting - Pitching for Ohio State Buckeyes : LHP Gabriel Rodríguez
|
Batting: SHB Chris Morse
|
0-0: Ball 1-0: Foul Ball, location: 2F 1-1: Called Strike 1-2: Ground out 6-3 (Groundball, 6)
|
Batting: LHB Max Hebert
|
0-0: Swinging Strike 0-1: Called Strike 0-2: Ball 1-2: Foul Ball, location: 2F 1-2: Ball 2-2: Foul Ball, location: 2F 2-2: Strikes out swinging
|
Batting: RHB Rusty Bennett
|
0-0: Called Strike 0-1: Ball 1-1: Ball 2-1: Ground out 4-3 (Groundball, 4)
|
Top of the 3rd over - 0 run(s), 0 hit(s), 0 error(s), 0 left on base; Florida State 2 - Ohio State 0 |
BOTTOM OF THE 3RD |
Ohio State Buckeyes batting - Pitching for Florida State Seminoles : RHP Mike Moyer
|
Batting: RHB Will Anderson
|
0-0: Ball 1-0: Called Strike 1-1: SINGLE (Groundball, 34D)
|
Batting: SHB Bill House
|
0-0: Called Strike 0-1: Swinging Strike 0-2: Ball 1-2: Strikes out swinging
|
Batting: SHB Thomas Simmons
|
0-0: Called Strike 0-1: SINGLE (Groundball, 56D) Will Anderson to second
|
Batting: RHB Gabriel Soto
|
0-0: Ball 1-0: Ball 2-0: Swinging Strike 2-1: Called Strike 2-2: Foul Ball, location: 2F 2-2: Strikes out swinging
|
Batting: RHB Júlio Morales
|
0-0: Ball 1-0: DOUBLE (Line Drive, 5L) Will Anderson scores Thomas Simmons to third Runner from 3rd tries for Home, SAFE, no throw or cutoff
|
Batting: LHB Frank García
|
0-0: Ball 1-0: Called Strike 1-1: Foul Ball, location: 2F 1-2: Foul Ball, location: 2F 1-2: Ball 2-2: Ball 3-2: Foul Ball, location: 2F 3-2: Base on Balls
|
Batting: SHB Devin Smith
|
0-0: Foul Ball, location: 2F 0-1: SINGLE (Line Drive, 7LS) Júlio Morales to third Frank García to second
|
Batting: LHB Joel Nelson
|
0-0: Called Strike 0-1: Ball 1-1: Fly out, F5 (Popup, 25F)
|
Bottom of the 3rd over - 2 run(s), 4 hit(s), 0 error(s), 3 left on base; Florida State 2 - Ohio State 2 |
TOP OF THE 4TH |
Florida State Seminoles batting - Pitching for Ohio State Buckeyes : LHP Gabriel Rodríguez
|
Batting: LHB Richard Olvera
|
0-0: Fly out, F8 (Line Drive, 8LS)
|
Batting: RHB Pedro López
|
0-0: Called Strike 0-1: Called Strike 0-2: Ball 1-2: Strikes out swinging
|
Batting: RHB Mike Cleveland
|
0-0: Foul Ball, location: 2F 0-1: Foul Ball, location: 2F 0-2: Ball 1-2: Strikes out swinging
|
Top of the 4th over - 0 run(s), 0 hit(s), 0 error(s), 0 left on base; Florida State 2 - Ohio State 2 |
BOTTOM OF THE 4TH |
Ohio State Buckeyes batting - Pitching for Florida State Seminoles : RHP Mike Moyer
|
Batting: RHB Santiago Gutiérrez
|
0-0: Ball 1-0: Ball 2-0: Bunt missed! 2-1: Foul Ball, location: 2F 2-2: DOUBLE (Flyball, 7M)
|
Batting: RHB Will Anderson
|
0-0: Ball 1-0: Called Strike 1-1: Ground out 5-3 (Groundball, 56)
|
Batting: SHB Bill House
|
0-0: Ball 1-0: Called Strike 1-1: Ground out 1-3 (Groundball, 15S)
|
Batting: SHB Thomas Simmons
|
0-0: Ball 1-0: Ball 2-0: Ball 3-0: Called Strike 3-1: Called Strike 3-2: Ground out 4-3 (Groundball, 4)
|
Bottom of the 4th over - 0 run(s), 1 hit(s), 0 error(s), 1 left on base; Florida State 2 - Ohio State 2 |
TOP OF THE 5TH |
Florida State Seminoles batting - Pitching for Ohio State Buckeyes : LHP Gabriel Rodríguez
|
Batting: RHB Larry Davis
|
0-0: Ball 1-0: Called Strike 1-1: Swinging Strike 1-2: Ball 2-2: Ball 3-2: Base on Balls
|
Batting: SHB Gary Williams
|
0-0: Called Strike 0-1: Fly out, F7 (Flyball, 7M)
|
Batting: RHB Art Cameron
|
0-0: Ball 1-0: Called Strike 1-1: Fly out, F9 (Flyball, 9S)
|
Batting: SHB Chris Morse
|
0-0: Called Strike 0-1: Fly out, F6 (Line Drive, 6)
|
Top of the 5th over - 0 run(s), 0 hit(s), 0 error(s), 1 left on base; Florida State 2 - Ohio State 2 |
BOTTOM OF THE 5TH |
Ohio State Buckeyes batting - Pitching for Florida State Seminoles : RHP Mike Moyer
|
Batting: RHB Gabriel Soto
|
0-0: Ball 1-0: Ground out 6-3 (Groundball, 6)
|
Batting: RHB Júlio Morales
|
0-0: Ball 1-0: Called Strike 1-1: Called Strike 1-2: Ball 2-2: Foul Ball, location: 2F 2-2: Ground out 5-3 (Groundball, 5L)
|
Batting: LHB Frank García
|
0-0: Foul Ball, location: 2F 0-1: Ball 1-1: Ground out 4-3 (Groundball, 4)
|
Bottom of the 5th over - 0 run(s), 0 hit(s), 0 error(s), 0 left on base; Florida State 2 - Ohio State 2 |
TOP OF THE 6TH |
Florida State Seminoles batting - Pitching for Ohio State Buckeyes : LHP Gabriel Rodríguez
|
Pitching: RHP Allen King
|
|
Batting: LHB Max Hebert
|
0-0: Called Strike 0-1: Ball 1-1: Fly out, F7 (Line Drive, 7D)
|
Batting: RHB Rusty Bennett
|
0-0: Ball 1-0: Ball 2-0: Foul Ball, location: 2F 2-1: Called Strike 2-2: Foul Ball, location: 2F 2-2: Ball 3-2: Foul Ball, location: 2F 3-2: Foul Ball, location: 2F 3-2: Strikes out swinging
|
Batting: LHB Richard Olvera
|
0-0: Ball 1-0: Called Strike 1-1: Swinging Strike 1-2: Foul Ball, location: 2F 1-2: Strikes out swinging
|
Top of the 6th over - 0 run(s), 0 hit(s), 0 error(s), 0 left on base; Florida State 2 - Ohio State 2 |
BOTTOM OF THE 6TH |
Ohio State Buckeyes batting - Pitching for Florida State Seminoles : RHP Mike Moyer
|
Pitching: RHP Steve Hopkins
|
|
Batting: SHB Devin Smith
|
0-0: Called Strike 0-1: Fly out, F8 (Flyball, 8RM)
|
Batting: LHB Joel Nelson
|
0-0: Ball 1-0: Called Strike 1-1: Called Strike 1-2: Ground out 4-3 (Groundball, 4M)
|
Batting: RHB Santiago Gutiérrez
|
0-0: Ball 1-0: Ball 2-0: Ball 3-0: Base on Balls
|
Batting: RHB Will Anderson
|
0-0: Ball 1-0: Called Strike 1-1: Called Strike 1-2: Fielders Choice at 2nd, U6 (Groundball, 6M)
|
Bottom of the 6th over - 0 run(s), 0 hit(s), 0 error(s), 1 left on base; Florida State 2 - Ohio State 2 |
TOP OF THE 7TH |
Florida State Seminoles batting - Pitching for Ohio State Buckeyes : RHP Allen King
|
Batting: RHB Pedro López
|
0-0: Ball 1-0: Ground out 6-3 (Groundball, 6)
|
Batting: RHB Mike Cleveland
|
0-0: Called Strike 0-1: Ball 1-1: Ball 2-1: Ball 3-1: Foul Ball, location: 2F 3-2: Foul Ball, location: 2F 3-2: Base on Balls
|
Batting: RHB Larry Davis
|
0-0: Called Strike 0-1: Swinging Strike 0-2: Ball 1-2: Ball 2-2: Ball 3-2: Fly out, F2 (Popup, 2RF)
|
Batting: SHB Gary Williams
|
0-0: Called Strike 0-1: Called Strike 0-2: Foul Ball, location: 2F 0-2: Ball 1-2: Strikes out swinging
|
Top of the 7th over - 0 run(s), 0 hit(s), 0 error(s), 1 left on base; Florida State 2 - Ohio State 2 |
BOTTOM OF THE 7TH |
Ohio State Buckeyes batting - Pitching for Florida State Seminoles : RHP Steve Hopkins
|
Batting: SHB Bill House
|
0-0: Called Strike 0-1: Called Strike 0-2: Ball 1-2: Ball 2-2: Foul Ball, location: 2F 2-2: Ball 3-2: Foul Ball, location: 2F 3-2: Ground out U3 (Groundball, 3)
|
Batting: SHB Thomas Simmons
|
0-0: Called Strike 0-1: Swinging Strike 0-2: Foul Ball, location: 2F 0-2: Ball 1-2: Strikes out swinging
|
Batting: RHB Gabriel Soto
|
0-0: DOUBLE (Line Drive, 89M)
|
Batting: RHB Júlio Morales
|
0-0: Foul Ball, location: 2F 0-1: Swinging Strike 0-2: Ball 1-2: Ball 2-2: Strikes out looking
|
Bottom of the 7th over - 0 run(s), 1 hit(s), 0 error(s), 1 left on base; Florida State 2 - Ohio State 2 |
TOP OF THE 8TH |
Florida State Seminoles batting - Pitching for Ohio State Buckeyes : RHP Allen King
|
Pitching: RHP Roger Stewart
|
|
Batting: RHB Art Cameron
|
0-0: Called Strike 0-1: Foul Ball, location: 2F 0-2: Strikes out swinging
|
Batting: SHB Chris Morse
|
0-0: Ball 1-0: Called Strike 1-1: Swinging Strike 1-2: Strikes out swinging
|
Batting: LHB Max Hebert
|
0-0: SINGLE (Groundball, 34D)
|
Batting: RHB Rusty Bennett
|
0-0: Called Strike 0-1: Foul Ball, location: 2F 0-2: Ball Max Hebert is caught stealing 2nd base
|
Top of the 8th over - 0 run(s), 1 hit(s), 0 error(s), 0 left on base; Florida State 2 - Ohio State 2 |
BOTTOM OF THE 8TH |
Ohio State Buckeyes batting - Pitching for Florida State Seminoles : RHP Steve Hopkins
|
Pitching: RHP James Lyons
|
|
Batting: LHB Frank García
|
0-0: Foul Ball, location: 2F 0-1: Fly out, F4 (Popup, 4S)
|
Batting: SHB Devin Smith
|
0-0: Ball 1-0: Foul Ball, location: 2F 1-1: Ball 2-1: Ball 3-1: Called Strike 3-2: Foul Ball, location: 2F 3-2: Strikes out swinging
|
Batting: LHB Joel Nelson
|
0-0: Ball 1-0: Ground out 4-3 (Groundball, 4)
|
Bottom of the 8th over - 0 run(s), 0 hit(s), 0 error(s), 0 left on base; Florida State 2 - Ohio State 2 |
TOP OF THE 9TH |
Florida State Seminoles batting - Pitching for Ohio State Buckeyes : RHP Roger Stewart
|
Pitching: RHP Tom Sheppard
|
|
Batting: RHB Rusty Bennett
|
0-0: Ball 1-0: Ball 2-0: Ball 3-0: Base on Balls
|
Batting: LHB Richard Olvera
|
0-0: Called Strike 0-1: Ball 1-1: Ball 2-1: Foul Ball, location: 2F 2-2: Ball 3-2: Fly out, F9 (Flyball, 89M)
|
Batting: RHB Pedro López
|
0-0: Called Strike 0-1: Foul Ball, location: 2F 0-2: Ball 1-2: Strikes out swinging
|
Batting: RHB Mike Cleveland
|
0-0: Ball Rusty Bennett steals 2nd base 1-0: Ball 2-0: Foul Ball, location: 2F 2-1: Ball 3-1: Fly out, F8 (Popup, 8RS)
|
Top of the 9th over - 0 run(s), 0 hit(s), 0 error(s), 1 left on base; Florida State 2 - Ohio State 2 |
BOTTOM OF THE 9TH |
Ohio State Buckeyes batting - Pitching for Florida State Seminoles : RHP James Lyons
|
Batting: RHB Santiago Gutiérrez
|
0-0: Ground out 4-3 (Groundball, 4)
|
Batting: RHB Will Anderson
|
0-0: Ball 1-0: Swinging Strike 1-1: Swinging Strike 1-2: Strikes out swinging
|
Batting: SHB Bill House
|
0-0: Ball 1-0: SINGLE (Line Drive, 6D)
|
Batting: SHB Thomas Simmons
|
0-0: Swinging Strike 0-1: Ball 1-1: Fielders Choice at 2nd, U4 (Groundball, 4M)
|
Bottom of the 9th over - 0 run(s), 1 hit(s), 0 error(s), 1 left on base; Florida State 2 - Ohio State 2 |
TOP OF THE 10TH |
Florida State Seminoles batting - Pitching for Ohio State Buckeyes : RHP Tom Sheppard
|
Batting: RHB Larry Davis
|
0-0: Ball 1-0: Called Strike 1-1: Fly out, F8 (Popup, 78S)
|
Batting: SHB Gary Williams
|
0-0: Called Strike 0-1: Ball 1-1: Ball 2-1: Ball 3-1: Foul Ball, location: 2F 3-2: Fly out, F4 (Line Drive, 4)
|
Batting: RHB Art Cameron
|
0-0: Fly out, F8 (Flyball, 8LM)
|
Top of the 10th over - 0 run(s), 0 hit(s), 0 error(s), 0 left on base; Florida State 2 - Ohio State 2 |
BOTTOM OF THE 10TH |
Ohio State Buckeyes batting - Pitching for Florida State Seminoles : RHP James Lyons
|
Batting: RHB Gabriel Soto
|
0-0: Ball 1-0: Called Strike 1-1: Ball 2-1: Foul Ball, location: 2F 2-2: Ball 3-2: Foul Ball, location: 2F 3-2: Foul Ball, location: 2F 3-2: Foul Ball, location: 2F 3-2: Base on Balls
|
Batting: RHB Júlio Morales
|
0-0: Swinging Strike 0-1: Foul Ball, location: 2F 0-2: Ball 1-2: Strikes out swinging
|
Batting: LHB Frank García
|
0-0: Ball 1-0: Ball 2-0: Foul Ball, location: 2F 2-1: SINGLE (Groundball, 4MD) Gabriel Soto to second
|
Batting: SHB Devin Smith
|
0-0: Fly out, F8 (Flyball, 78M)
|
Batting: LHB Joel Nelson
|
0-0: Fielders Choice at 2nd, U4 (Groundball, 4M)
|
Bottom of the 10th over - 0 run(s), 1 hit(s), 0 error(s), 2 left on base; Florida State 2 - Ohio State 2 |
TOP OF THE 11TH |
Florida State Seminoles batting - Pitching for Ohio State Buckeyes : RHP Tom Sheppard
|
Pitching: RHP Bartolo Villarreal
|
|
Batting: SHB Chris Morse
|
0-0: Fly out, F7 (Flyball, 7M)
|
Batting: LHB Max Hebert
|
0-0: Called Strike 0-1: Ball 1-1: Ball 2-1: Ground out 5-3 (Groundball, 5S)
|
Batting: RHB Rusty Bennett
|
0-0: Ball 1-0: SOLO HOME RUN (Flyball, 78XD), Distance : 374 ft
|
Batting: LHB Richard Olvera
|
0-0: Ball 1-0: Swinging Strike 1-1: Swinging Strike 1-2: Ball 2-2: Ball 3-2: Base on Balls
|
Batting: RHB Pedro López
|
0-0: Called Strike 0-1: Ball 1-1: Ball 2-1: Ball 3-1: Base on Balls Richard Olvera to second
|
Batting: RHB Mike Cleveland
|
0-0: Ball 1-0: Ground out 3-1 (Groundball, 34)
|
Top of the 11th over - 1 run(s), 1 hit(s), 0 error(s), 2 left on base; Florida State 3 - Ohio State 2 |
BOTTOM OF THE 11TH |
Ohio State Buckeyes batting - Pitching for Florida State Seminoles : RHP James Lyons
|
Pitching: RHP Jason Mason
|
|
Batting: RHB Santiago Gutiérrez
|
0-0: Ball 1-0: Ball 2-0: SINGLE (Groundball, 6MD)
|
Batting: RHB Will Anderson
|
0-0: Sac Bunt - play at first, batter OUT! 2-4 Santiago Gutiérrez to second
|
Batting: SHB Bill House
|
0-0: Called Strike 0-1: Ground out 6-3 (Groundball, 6) Santiago Gutiérrez to third
|
Batting: SHB Thomas Simmons
|
0-0: Called Strike 0-1: Ball 1-1: Swinging Strike 1-2: Strikes out swinging
|
Bottom of the 11th over - 0 run(s), 1 hit(s), 0 error(s), 1 left on base; Florida State 3 - Ohio State 2 |
|